 Dungeon Crawl Stone Soup version 0.21.1-1-g345015fe64 (webtiles) character file.

8703 DildoBatman the Jinx (level 11, -1/84 HPs)
             Began as a Formicid Enchanter on Feb 20, 2018.
             Was an Elder of Sif Muna.
             Slain by a brown ugly thing (11 damage)
             ... on level 11 of the Dungeon on Feb 21, 2018.
             The game lasted 00:56:26 (14348 turns).

DildoBatman the Jinx (Formicid Enchanter)          Turns: 14348, Time: 00:56:26

Health: -1/84      AC:  7    Str: 14    XL:     11   Next: 60%
Magic:  11/20      EV: 13    Int: 17    God:    Sif Muna [****..]
Gold:   552        SH:  0    Dex:  9    Spells: 18/22 levels left

rFire    . . .     SeeInvis +   b - +0 scimitar (drain)
rCold    + . .     Gourm    .   (no shield)
rNeg     . . .     Faith    .   o - +0 troll leather armour
rPois    .         Spirit   .   (helmet unavailable)
rElec    .         Reflect  .   r - +2 cloak
rCorr    .         Harm     .   (no gloves)
MR       +....                  D - +0 pair of boots
Stlth    +++.......             (no amulet)
HPRegen  0.64/turn              m - ring of protection from cold
MPRegen  0.17/turn              (no ring)

@: corroded
A: permanent stasis, dig shafts and tunnels, four strong arms, antennae 3, thin
metallic scales 1, clever 1, clumsy 1, weak 1
a: Dig, Shaft Self, Divine Energy, Channel Magic, Forget Spell, Renounce
Religion


You were on level 11 of the Dungeon.
You worshipped Sif Muna.
Sif Muna was greatly pleased with you.
You were hungry.

You visited 2 branches of the dungeon, and saw 12 of its levels.

You collected 552 gold pieces.

Inventory:

Hand Weapons
 a - a +2 flail of protection
 b - a +0 scimitar of draining (weapon)
 c - a +3 quarterstaff of chaos
 d - a +1 scimitar of freezing
Armour
 o - a +0 troll leather armour (worn)
 p - a +4 scale mail of fire resistance
 r - a +2 cloak (worn)
 D - a +0 pair of boots (worn)
 I - a cursed -2 robe
 J - a +1 robe of cold resistance
Jewellery
 m - a ring of protection from cold (left hand)
 s - an uncursed ring of ice
Wands
 g - a wand of iceblast (5)
 z - a wand of enslavement (8)
 C - a wand of random effects (17)
 E - a wand of scattershot (4)
 F - a wand of acid (8)
Scrolls
 f - a scroll of magic mapping {unknown}
 j - 4 scrolls of fear {unknown}
 n - 10 scrolls of identify {unknown}
 u - 4 scrolls of enchant weapon {unknown}
 x - 3 scrolls of remove curse
 y - 4 scrolls of enchant armour {unknown}
 A - 2 scrolls of blinking {unknown}
 G - a scroll of amnesia {unknown}
 K - a scroll of fog {unknown}
 L - a scroll of random uselessness {unknown}
 N - a scroll of immolation {unknown}
 P - a scroll of noise {unknown}
Potions
 e - a potion of mutation
 h - a potion of degeneration {unknown}
 i - 2 potions of resistance {unknown}
 k - a potion of berserk rage {unknown}
 l - 2 potions of lignification {unknown}
 q - a potion of haste {unknown}
 t - a potion of magic {unknown}
 w - 2 potions of brilliance {unknown}
 B - 3 potions of curing
 O - a potion of flight {unknown}
 Q - 2 potions of cancellation {unknown}
 R - a potion of might
Books
 H - a book of Maledictions

   Spells                             Type                      Level
   a - Corona                         Hexes                        1
   b - Ensorcelled Hibernation        Hexes/Ice                    2
   c - Confuse                        Hexes                        3
   d - Tukima's Dance                 Hexes                        3
   e - Dazzling Spray                 Conjuration/Hexes            3
Comestibles
 v - 18 rations


   Skills:
 * Level 7.5 Fighting
   Level 1.0 Short Blades
 * Level 5.6 Armour
 * Level 4.5 Dodging
 * Level 6.8 Stealth
 * Level 6.4 Spellcasting
 * Level 14.2 Hexes


You had 18 spell levels left.
You knew the following spells:

 Your Spells              Type           Power        Failure   Level  Hunger
a - Corona                Hex            ######.      1%          1    None
b - Confuse               Hex            ######..     1%          3    ##.....


Dungeon Overview and Level Annotations

Branches:
Dungeon (11/15)            Temple (1/1) D:5
   Lair: D:8-11         Orc: D:9-12

Altars:
Ashenzari
Cheibriados
Dithmenos
Elyvilon
Fedhas
Gozag
Hepliaklqana
Kikubaaqudgha
Makhleb
Nemelex Xobeh
Okawaru
Qazlal
Ru
Sif Muna
Trog
Uskayaw
Vehumet
Wu Jian
Xom
Yredelemnul
Zin
The Shining One

Shops:
D:4 *   D:6 (

Annotations:
D:11 exclusion: sensed monster (detected)


Innate Abilities, Weirdness & Mutations

You cannot be hasted, slowed, berserked, paralysed or teleported.
You can dig through walls and to a lower floor.
Your four strong arms can wield two-handed weapons with a shield.
You have a pair of large antennae on your head. (SInv)
You are partially covered in thin metallic scales. (AC +2)
Your mind is acute. (Int +2)
You are clumsy. (Dex -2)
You are weak. (Str -2)


Message History

Confirm with . or Enter, or press ? or * to list all spells.
Aiming: Confuse
Press: ? - help, Shift-Dir - straight line, f/p - brown ugly thing
Aim: a brown ugly thing (severely wounded, confused, lightly drained, chance to defeat MR: 60%)
The brown ugly thing appears confused.
You hit the brown ugly thing but do no damage.
You drain the brown ugly thing!
The brown ugly thing is severely wounded.
You barely miss the brown ugly thing.
The brown ugly thing is severely wounded.
You hit the brown ugly thing but do no damage.
The brown ugly thing is severely wounded.
You barely miss the brown ugly thing.
The brown ugly thing is severely wounded.
The brown ugly thing tail-slaps you!
You are splashed with acid!
The acid burns!
You are feeling hungry.
The brown ugly thing tail-slaps you!
You die...

#..###.....# ##..#
.u{.# #...{.# #..##
...### ##.#..# #.## ..
{{{ #.#'## #.# .
{{{{{#.#.# #.# {{
{{+.#### #.#
{{{{{#.#..### ##.# {{{
#.##.u.# #..#
##.##@#>#####.#######
###...#.#.##..........#
#...#u#.#.##..........#
#.###.#.#.............#
... #...####.....[....#
### ##### #..........#
#..........#
#..........#
############


You could see a brown ugly thing (confused).

Vanquished Creatures
  The ghost of maxonian the Fighter, a novice OgBe of Trog (D:8)
  2 two-headed ogres (D:10)
  An unseen horror (D:11)
  Pikel (D:3)
  2 trolls (D:9)
  A hippogriff (D:10)
  A wyvern (D:8)
  Eustachio (D:5)
  2 hungry ghosts
  A water moccasin (D:10)
  2 sky beasts
  4 slaves
  6 orc warriors
  5 phantoms
  6 ogres
  A centaur (D:10)
  2 big kobolds
  7 bullfrogs
  A scorpion (D:10)
  5 killer bees (D:10)
  4 wights
  6 crimson imps
  The ghost of Unreal the Caller, a weakling DESu (D:3)
  A centaur zombie (D:6)
  4 jellies
  A gnoll shaman (D:6)
  Crazy Yiuf (D:7)
  12 orc priests
  4 hounds
  10 orc wizards
  3 bullfrog skeletons
  A centaur skeleton (D:8)
  Natasha (thrice) (D:2)
  An iguana (D:6)
  Terence (D:2)
  9 worker ants
  A hound skeleton (D:9)
  15 gnolls
  A worker ant zombie (D:9)
  10 adders
  2 shadow imps
  5 oozes (D:10)
  3 adder skeletons
  4 worms
  5 dart slugs
  A leopard gecko (D:1)
  32 orcs
  2 ball pythons
  5 giant cockroaches
  9 goblins
  6 hobgoblins
  10 jackals
  13 kobolds
  8 quokkas
  11 bats
  8 frilled lizards
  A quokka skeleton (D:4)
  A quokka zombie (D:7)
  11 rats
278 creatures vanquished.

Notes
Turn   | Place    | Note
-------+----------+-------------------------------------------
     0 | D:1      | DildoBatman the Formicid Enchanter began the quest for the Orb.
     0 | D:1      | Reached XP level 1. HP: 13/13 MP: 3/3
   188 | D:1      | Reached skill level 1 in Fighting
   234 | D:1      | Reached XP level 2. HP: 18/22 MP: 1/5
   560 | D:1      | Reached XP level 3. HP: 9/28 MP: 3/6
  1507 | D:1      | Reached skill level 1 in Armour
  1507 | D:1      | Reached XP level 4. HP: 28/35 MP: 4/7
  2543 | D:2      | Reached XP level 5. HP: 41/41 MP: 8/8
  2916 | D:3      | Noticed Unreal's ghost (weakling DESu)
  3066 | D:2      | Learned a level 3 spell: Confuse
  3297 | D:3      | Noticed Terence
  3409 | D:3      | Noticed Natasha
  4203 | D:4      | Reached XP level 6. HP: 46/48 MP: 7/9
  4208 | D:4      | Found Zin's Purification Station.
  4210 | D:4      | Found a glowing silver altar of Zin.
  4482 | D:4      | Reached skill level 5 in Fighting
  4758 | D:4      | Noticed Eustachio
  4904 | D:4      | Found an ancient bone altar of Kikubaaqudgha.
  5102 | D:5      | Entered Level 5 of the Dungeon
  5116 | D:5      | Noticed a slave
  5126 | D:5      | Noticed Pikel
  5129 | D:5      | Noticed a slave
  5179 | D:4      | Killed a slave
  5357 | D:5      | Noticed a slave
  5390 | D:3      | Found a blossoming altar of Fedhas.
  5520 | D:5      | Found an iron altar of Okawaru.
  5538 | D:5      | Noticed a sky beast
  5883 | D:5      | Found a staircase to the Ecumenical Temple.
  5892 | Temple   | Entered the Ecumenical Temple
  5898 | Temple   | Became a worshipper of Sif Muna the Loreminder
  6144 | D:5      | Noticed an ogre
  6163 | D:5      | Killed an ogre
  6163 | D:5      | Reached skill level 4 in Hexes
  6163 | D:5      | Reached XP level 7. HP: 36/56 MP: 0/10
  6768 | D:5      | Found a white marble altar of Elyvilon.
  6874 | D:6      | Gained mutation: Your mind is acute. (Int +2) [potion of mutation]
  6874 | D:6      | Gained mutation: You are clumsy. (Dex -2) [potion of mutation]
  6874 | D:6      | Gained mutation: You are weak. (Str -2) [potion of mutation]
  6874 | D:6      | Gained mutation: You are partially covered in thin metallic scales. (AC +2) [potion of mutation]
  7196 | D:6      | Reached skill level 5 in Hexes
  7655 | D:6      | Reached skill level 6 in Hexes
  8089 | D:2      | Killed Natasha
  8096 | D:2      | Noticed Natasha
  8105 | D:2      | Killed Natasha
  8105 | D:2      | Reached XP level 8. HP: 37/62 MP: 11/11
  8133 | D:2      | Noticed Natasha
  8147 | D:2      | Killed Natasha
  8158 | D:2      | Killed Terence
  8297 | D:3      | Killed Unreal's ghost
  8297 | D:3      | Reached skill level 7 in Hexes
  8383 | D:3      | Killed Pikel
  8383 | D:3      | Reached * piety under Sif Muna
  8383 | D:3      | Reached skill level 9 in Hexes
  8678 | D:5      | Killed Eustachio
  8678 | D:5      | Reached XP level 9. HP: 68/68 MP: 7/13
  8883 | D:6      | Found Dihapt's Antique Weapon Shop.
  8907 | D:6      | Reached skill level 10 in Hexes
  9058 | D:6      | Reached ** piety under Sif Muna
  9801 | D:7      | Reached skill level 5 in Stealth
 10012 | D:7      | Found a runed door.
 10024 | D:7      | Noticed Crazy Yiuf
 10035 | D:7      | Killed Crazy Yiuf
 10124 | D:7      | Reached skill level 5 in Spellcasting
 10616 | D:7      | Reached skill level 11 in Hexes
 10946 | D:7      | HP: 1/69 [ogre/giant club (10)]
 11132 | D:8      | Reached XP level 10. HP: 30/76 MP: 13/17
 11254 | D:8      | Reached *** piety under Sif Muna
 11307 | D:8      | Noticed maxonian's ghost (novice OgBe)
 11685 | D:7      | Reached skill level 12 in Hexes
 12239 | D:8      | Killed maxonian's ghost
 12401 | D:9      | Reached skill level 5 in Armour
 12727 | D:9      | Reached **** piety under Sif Muna
 12881 | D:9      | Reached skill level 13 in Hexes
 12881 | D:9      | Reached XP level 11. HP: 48/84 MP: 18/20
 12947 | D:9      | Found a sacrificial altar of Ru.
 13239 | D:10     | Entered Level 10 of the Dungeon
 13386 | D:10     | Noticed a two-headed ogre
 13410 | D:10     | Killed a two-headed ogre
 13500 | D:10     | Reached skill level 14 in Hexes
 13829 | D:10     | Noticed a two-headed ogre
 13860 | D:10     | Killed a two-headed ogre
 14235 | D:11     | Noticed an unseen horror
 14264 | D:11     | Killed an unseen horror
 14286 | D:11     | Noticed a brown ugly thing
 14348 | D:11     | Slain by a brown ugly thing

Skill      XL: |  1  2  3  4  5  6  7  8  9 10 11 |
---------------+----------------------------------+-----
Fighting       | 1 2 3 4 5 6 7 |  7.5
Armour         | 1 2 3 4 5 |  5.6
Dodging        | 2 3 4 |  4.5
Stealth        | 4 5 6 |  6.8
Hexes          | 4 6 9 11 13 14 | 14.2
Spellcasting   | 3 5 6 |  6.4
Short Blades   | |  1.0

Action                   |  1- 3 |  4- 6 |  7- 9 | 10-12 || total
-------------------------+-------+-------+-------+-------++-------
Melee: Dagger            |   148 |   425 |   323 |       ||   896
       Short sword       |       |    20 |       |       ||    20
       Flail             |       |       |    33 |    44 ||    77
       Scimitar          |       |       |   286 |   197 ||   483
       Quarterstaff      |       |       |    18 |   186 ||   204
 Cast: Corona            |    21 |    52 |    71 |    37 ||   181
       Confuse           |       |     5 |    40 |    60 ||   105
 Abil: Dig               |       |     4 |    10 |     8 ||    22
  Use: Scroll            |       |     2 |     1 |       ||     3
       Potion            |       |       |     3 |       ||     3
 Stab: Sleeping          |     3 |     3 |       |     3 ||     9
       Confused          |       |     3 |     7 |    23 ||    33
       Petrified         |       |       |       |     9 ||     9
       Paralysed         |       |       |       |     2 ||     2
  Eat: Chunk             |     2 |    14 |    19 |    17 ||    52
       Ration            |       |     1 |     2 |       ||     3
Armor: Robe              |    38 |       |       |       ||    38
       Ring mail         |       |    42 |       |       ||    42
       Scale mail        |       |   136 |   299 |   123 ||   558
       Troll leather arm |       |       |       |    52 ||    52
Dodge: Dodged            |    98 |   188 |   302 |   230 ||   818
       Rpst.: Scimitar   |       |       |    53 |    41 ||    94
